 Dungeon Crawl Stone Soup version 0.20.1-1-g8b1a95d (webtiles) character file.

45973 Nblphnx the Severer (level 14, -2/119 HPs)
             Began as a Deep Dwarf Fighter on July 21, 2017.
             Was the Champion of Hepliaklqana.
             Slain by an orc warrior
             ... wielding a +0 halberd
             ... led by an orc warlord
              (24 damage)
             ... on level 2 of the Orcish Mines on July 26, 2017.
             The game lasted 04:34:20 (11146 turns).

Nblphnx the Severer (Deep Dwarf Fighter)           Turns: 11146, Time: 04:34:20

Health: -2/119     AC: 22    Str: 19    XL:     14   Next: 3%
Magic:  15/15      EV:  8    Int: 11    God:    Hepliaklqana [******]
Gold:   840        SH: 13    Dex: 16    Spells: 13/13 levels left

rFire    . . .     SeeInvis .   a - +4 war axe (vamp)
rCold    + . .     Gourm    .   c - +0 shield
rNeg     + . .     Faith    .   l - +2 plate armour
rPois    .         Spirit   .   (no helmet)
rElec    .         Reflect  .   o - +2 cloak
rCorr    .         Harm     .   s - +0 pair of gloves
MR       +++..                  (no boots)
Stlth    ..........             t - amulet of rage
Regen    0.0/turn               P - ring of protection from magic
MPRegen  0.2/turn               I - ring of the Peasants {rC+ MP+9 Str-4 Dex+4 Stlth+}

@: very slightly contaminated, non-regenerating, invisible
A: damage resistance, heal wounds, reduced essence, negative energy resistance
1, sense surroundings 2, no regeneration
a: Heal Wounds, Recall Ancestor, Ancestor Identity, Transference, Idealise,
Renounce Religion, Evoke Berserk Rage


You were on level 2 of the Orcish Mines.
You worshipped Hepliaklqana.
Hepliaklqana was exalted by your worship.
You were hungry.

You visited 4 branches of the dungeon, and saw 18 of its levels.
You also visited: Sewer.

You collected 2008 gold pieces.
You spent 1168 gold pieces at shops.

Inventory:

Hand Weapons
 a - a +4 vampiric war axe (weapon)
 g - a +0 arbalest
 r - a +2 dire flail of holy wrath
 z - a +0 short sword of freezing
 V - a +0 hand crossbow
 W - a +1 great sword of electrocution
Missiles
 q - 14 bolts
 v - 40 tomahawks (quivered)
Armour
 c - a +0 shield (worn)
 l - a +2 plate armour (worn)
 o - a +2 cloak (worn)
 s - a +0 pair of gloves (worn)
 y - a +0 troll leather armour
 E - +0 acid dragon scales
 J - a cursed -2 plate armour
Jewellery
 t - an amulet of rage (around neck)
 w - an uncursed ring of fire
 G - an uncursed ring of ice
 I - the ring of the Peasants (right hand) {rC+ MP+9 Str-4 Dex+4 Stlth+}
   (You acquired it on level 1 of the Orcish Mines)

   [ring of protection from cold]

   It affects your strength (-4).
   It affects your dexterity (+4).
   It protects you from cold.
   It affects your magic capacity (+9).
   It makes you more stealthy.
 P - a ring of protection from magic (left hand)
 X - an uncursed ring of wizardry
Wands
 m - a wand of iceblast (8/15)
 n - a wand of flame (28/48)
 x - a wand of flame (24/48)
 D - a wand of polymorph (6/24)
 F - a wand of enslavement (14/24)
 K - a wand of acid (4/15)
 O - a wand of confusion (24/48)
 Q - a wand of lightning (7/15)
 U - a wand of flame (12/48)
Scrolls
 d - 2 scrolls of blinking
 j - 10 scrolls of teleportation
 k - 13 scrolls of remove curse
 u - a scroll of fog
 H - a scroll of recharging
 M - a scroll of immolation
 S - 2 scrolls of amnesia
Potions
 e - 3 potions of resistance
 h - 3 potions of lignification
 p - a potion of magic
 A - 7 potions of flight
 C - 3 potions of curing
 Z - a potion of haste
Miscellaneous
 N - a box of beasts
 T - a lamp of fire
Comestibles
 b - 11 royal jellies
 f - 13 bread rations
 i - 5 meat rations


   Skills:
 + Level 10.4 Fighting
 + Level 2.0 Short Blades
 + Level 16.0 Axes
 + Level 2.7 Throwing
 + Level 11.0 Armour
 + Level 4.0 Dodging
 + Level 5.1 Stealth
 + Level 12.2 Shields
 + Level 0.6 Invocations
 + Level 1.5 Evocations


You had 13 spell levels left.
You didn't know any spells.

Dungeon Overview and Level Annotations

Branches:
Dungeon (12/15)            Temple (0/1) D:7            Lair (3/6) D:10
  Swamp (1/4) Lair:3          Orc (2/2) D:12
  Snake: Lair:2-4    Spider: Lair:2-4       Elf: Orc:2

Altars:
Cheibriados
Gozag
Hepliaklqana
Kikubaaqudgha
Qazlal
Sif Muna
Yredelemnul
Beogh

Shops:
D:6 :   D:8 [   Orc:1 ?

Annotations:
Swamp:1 Donald


Innate Abilities, Weirdness & Mutations

You are resistant to damage.
You can heal yourself by infusing magical energy.
You resist negative energy. (rN+)
You passively map the area around you.
You do not regenerate.
Your life essence is reduced to manifest your ancestor. (-10% HP)


Message History

The orc warlord hits you with a war axe of chopping!!
* * * LOW HITPOINT WARNING * * *
x2 The orc hits Ambrolosch with a club.
The orc warrior barely misses you. The neqoxec closely misses you.
The orc sorcerer hits you but does no damage.
You fade into invisibility!
You block the orc's attack.
Ambrolosch hits the orc with a quarterstaff!!
The orc dies!
You block the neqoxec's attack. The orc warrior closely misses you.
The orc warlord hits you with a war axe of chopping.
* * * LOW HITPOINT WARNING * * *
The orc warrior barely misses you.
The orc sorcerer hits you with a dagger.
You are very lightly contaminated with residual magic.
You feel much better. The orc hits you but does no damage.
The neqoxec gestures at you.
Something tries to feed on your intellect!
The orc warrior hits you from afar with a halberd!!
You die...

##.#.....................#.....
###...............#.....#.....
#......................##....
####........#.............##...
##.##.........##.#........ ,
### #....#.........#...#...# *,
##..............5...#.## ,,
#...#.#<.#.##.R3o...## , *,
##...####...##@#5....# , ,
#...## ##.##.ooo....# ##.##
###...oo..... ,, ###
*#......#...# * #.#...... ..# ,
** #........## .. , ,
#.........,, . , , *
...#....... ,, , , ,* , , ,


You could see the friendly Ambrolosch the battlemage, an orc warlord, a neqoxec,
an orc sorcerer, 2 orc warriors, a quasit and 2 orcs.

Vanquished Creatures
  A dire elephant (Lair:2)
  The ghost of Squonk the Ogre Mage, a journeyman OgFE of Vehumet (Lair:1)
  Josephine (Orc:1)
  2 hydras
  Fannar (Orc:1)
  The ghost of Baril the Geomancer, a novice GrEE of Vehumet (Lair:1)
  3 orc high priests (Orc:2)
  2 orc knights
  A deep elf mage (D:12)
  2 ugly things
  9 elephants (Lair:2)
  A centaur zombie (D:11)
  A gargoyle (D:12)
  A kobold demonologist (Orc:1)
  A komodo dragon (Lair:3)
  2 meliai (D:12)
  4 trolls
  8 blink frogs
  Grinder (Sewer)
  2 hippogriffs (Lair:2)
  A slime creature (D:9)
  2 spriggans
  Sigmund (D:3)
  2 wraiths (Orc:1)
  A wyvern (Lair:3)
  4 yaks
  A human (D:12)
  A water moccasin (D:10)
  2 wargs
  A black bear (Lair:1)
  21 orc warriors
  2 porcupines
  A sky beast (D:9)
  An eye of draining (D:12)
  8 ogres
  10 centaurs
  2 crocodiles (Lair:1)
  2 wolves (Lair:3)
  13 big kobolds
  A wyvern zombie (D:6)
  6 bullfrogs
  2 scorpions
  20 killer bees
  8 wights
  2 electric eels (D:10)
  2 howler monkeys
  3 crimson imps
  4 hounds
  A bullfrog zombie (D:7)
  2 quasits
  A centaur skeleton (D:9)
  A jelly (D:9)
  A bullfrog skeleton (D:5)
  26 orc priests
  The ghost of Lorindel the Conjurer, a weakling FeCj (D:3)
  Crazy Yiuf (D:3)
  16 orc wizards
  An iguana (D:11)
  11 worker ants
  3 big kobold zombies (Sewer)
  2 hound zombies
  A hound skeleton (D:5)
  11 adders
  6 gnolls (D:7)
  A howler monkey skeleton (D:5)
  4 shadow imps
  3 ufetubi (Sewer)
  3 adder skeletons
  2 worms
  2 dart slugs
  7 leopard geckos
  66 orcs
  9 giant cockroaches
  9 goblins
  10 hobgoblins
  7 jackals
  4 quokkas
  A ball python (D:1)
  5 bats
  7 frilled lizards
  A jackal zombie (D:7)
  27 kobolds
  9 rats
  4 fungi
  A plant (Lair:1)
436 creatures vanquished.

Vanquished Creatures (collateral kills)
  Erolcha (D:10)
  The ghost of Vorshek the Pandemonic, a journeyman DsGl of Makhleb (D:11)
  2 orc high priests (Orc:2)
  Nergalle (D:10)
  The ghost of Paps the Thaumaturge, a novice DEWz of Dithmenos (D:9)
  An orc knight (Orc:2)
  2 orc sorcerers
  A cyclops (Orc:1)
  A manticore (D:12)
  9 elephants (Lair:2)
  A black mamba (Lair:2)
  A spiny frog (Lair:2)
  A komodo dragon (D:10)
  A rime drake (Lair:2)
  2 trolls
  A meliai (D:12)
  A queen bee (D:12)
  A hornet (D:12)
  A blink frog (Lair:2)
  3 hippogriffs
  A wyvern (D:9)
  A wraith (Orc:1)
  5 yaks
  A hungry ghost (D:12)
  2 wargs
  2 water moccasins
  2 acid dragons (D:12)
  2 porcupines (Lair:1)
  9 orc warriors
  A sky beast (D:9)
  A necrophage (D:8)
  2 phantoms
  2 wolves (Lair:3)
  5 ogres
  4 centaurs
  2 crocodiles
  6 big kobolds
  3 bullfrogs
  A scorpion (D:8)
  15 killer bees
  6 wights
  3 crimson imps
  2 bullfrog zombies
  3 hounds
  A bullfrog skeleton (D:4)
  5 orc priests
  3 worker ants
  6 orc wizards
  A big kobold zombie (Sewer)
  A hound zombie (D:11)
  2 gnolls (D:7)
  3 adders
  3 shadow imps
  An adder zombie (Sewer)
  10 orcs
  5 giant cockroaches
  7 jackals
  5 kobolds
  A quokka (D:6)
  A ball python (D:6)
  A jackal skeleton (D:4)
170 creatures vanquished.

Vanquished Creatures (others)
  A wraith (Orc:1)
  6 battlemagi
  65 fungi
  17 plants
89 creatures vanquished.

Grand Total: 695 creatures vanquished

Notes
Turn   | Place    | Note
-------+----------+-------------------------------------------
     0 | D:1      | Nblphnx the Deep Dwarf Fighter began the quest for the Orb.
     0 | D:1      | Reached XP level 1. HP: 20/20 MP: 1/1
   579 | D:1      | Reached XP level 2. HP: 22/27 MP: 2/2
  1124 | D:2      | Reached XP level 3. HP: 32/34 MP: 3/3
  1244 | D:2      | Reached skill level 3 in Axes
  1407 | D:2      | Found a faded altar of an unknown god.
  1644 | D:3      | Found a deep blue altar of Sif Muna.
  1651 | D:3      | Noticed Sigmund
  1660 | D:3      | Killed Sigmund
  1660 | D:3      | Reached skill level 4 in Axes
  1660 | D:3      | Reached skill level 1 in Dodging
  1660 | D:3      | Reached XP level 4. HP: 21/43 MP: 3/3
  1660 | D:3      | Reached XP level 5. HP: 24/49 MP: 4/4
  1771 | D:3      | Found a runed door.
  1775 | D:3      | Noticed Crazy Yiuf
  1783 | D:3      | Killed Crazy Yiuf
  1843 | D:3      | Noticed Lorindel's ghost (weakling FeCj)
  1859 | D:3      | Killed Lorindel's ghost
  1859 | D:3      | Reached XP level 6. HP: 28/57 MP: 5/5
  1874 | D:3      | Found a hazy altar of Hepliaklqana.
  1877 | D:3      | Became a worshipper of Hepliaklqana the Forgotten
  2190 | D:4      | Reached skill level 5 in Axes
  2253 | D:4      | Reached skill level 1 in Stealth
  2547 | D:4      | Reached * piety under Hepliaklqana
  2638 | D:4      | Reached XP level 7. HP: 48/56 MP: 6/6
  2831 | D:5      | Entered Level 5 of the Dungeon
  2838 | D:5      | Reached skill level 6 in Axes
  2838 | D:5      | Reached skill level 5 in Armour
  2941 | D:5      | Found a basalt altar of Yredelemnul.
  2995 | D:5      | Found a glowing drain.
  3013 | Sewer    | Entered a sewer
  3218 | Sewer    | Found a burning altar of Makhleb.
  3228 | Sewer    | Reached skill level 5 in Shields
  3251 | Sewer    | Reached skill level 7 in Axes
  3251 | Sewer    | Reached XP level 8. HP: 56/64 MP: 6/6
  3313 | Sewer    | Noticed Grinder
  3323 | Sewer    | Paralysed by Grinder for 3 turns
  3336 | Sewer    | Killed Grinder
  3593 | D:6      | Reached ** piety under Hepliaklqana
  3595 | D:6      | Remembered your ancestor Ambrolosch as a battlemage
  3596 | D:6      | Found an opulent altar of Gozag.
  3649 | D:6      | Reached skill level 8 in Axes
  3973 | D:6      | Found Qurrahiy's Book Boutique.
  4097 | D:6      | Found a stormy altar of Qazlal.
  4337 | D:7      | Reached skill level 5 in Fighting
  4338 | D:7      | Gained mutation: You passively map the area around you. [Deep Dwarf growth]
  4338 | D:7      | Reached XP level 9. HP: 37/72 MP: 7/7
  4355 | D:7      | Reached skill level 9 in Axes
  4505 | D:7      | Found an ancient bone altar of Kikubaaqudgha.
  4679 | D:7      | Found a staircase to the Ecumenical Temple.
  5068 | D:8      | Found Woem's Armour Boutique.
  5124 | D:8      | Reached *** piety under Hepliaklqana
  5131 | D:8      | Reached skill level 10 in Axes
  5373 | D:8      | Noticed a troll
  5377 | D:8      | Killed a troll
  5540 | D:9      | Noticed Paps's ghost (novice DEWz)
  5546 | D:9      | Killed Paps's ghost
  5546 | D:9      | Reached XP level 10. HP: 81/81 MP: 5/5
  5549 | D:9      | Reached skill level 11 in Axes
  5990 | D:9      | Got a dull robe
  6313 | D:9      | Found a snail-covered altar of Cheibriados.
  6394 | D:10     | Entered Level 10 of the Dungeon
  6553 | D:10     | Noticed a cyan ugly thing
  6569 | D:10     | Killed a cyan ugly thing
  6606 | D:10     | Reached **** piety under Hepliaklqana
  6640 | D:10     | Reached skill level 12 in Axes
  6662 | D:10     | Noticed Nergalle
  6673 | D:10     | Killed Nergalle
  6727 | D:10     | Noticed Erolcha
  6737 | D:10     | Killed Erolcha
  6737 | D:10     | Reached XP level 11. HP: 36/90 MP: 5/5
  6802 | D:10     | Found a staircase to the Lair.
  6823 | Lair:1   | Entered Level 1 of the Lair of Beasts
  6885 | Lair:1   | Noticed Squonk's ghost (journeyman OgFE)
  6903 | Lair:1   | Killed Squonk's ghost
  7073 | Lair:1   | Noticed Baril's ghost (novice GrEE)
  7122 | Lair:1   | Killed Baril's ghost
  7169 | Lair:1   | Noticed a five-headed hydra
  7197 | Lair:1   | Killed a five-headed hydra
  7223 | Lair:1   | Reached skill level 13 in Axes
  7249 | Lair:1   | Reached ***** piety under Hepliaklqana
  7508 | Lair:2   | Reached skill level 1 in Short Blades
  7767 | Lair:2   | Reached XP level 12. HP: 52/99 MP: 4/4
  7770 | Lair:2   | Reached skill level 1 in Throwing
  7770 | Lair:2   | Reached skill level 10 in Shields
  7814 | Lair:2   | Reached skill level 1 in Evocations
  8050 | Lair:2   | Noticed a dire elephant
  8080 | Lair:2   | Killed a dire elephant
  8219 | Lair:2   | Reached skill level 14 in Axes
  8474 | Lair:3   | Reached skill level 10 in Armour
  8507 | Lair:3   | Found a staircase to the Swamp.
  8535 | Swamp:1  | Entered Level 1 of the Swamp
  8543 | Swamp:1  | Noticed Donald
  8543 | Swamp:1  | Noticed a five-headed hydra
  8544 | Swamp:1  | Noticed a five-headed hydra
  8678 | D:11     | Noticed Vorshek's ghost (journeyman DsGl)
  8739 | D:11     | Killed Vorshek's ghost
  8829 | D:11     | Noticed a five-headed hydra
  8855 | D:11     | Killed a five-headed hydra
  9193 | D:11     | Reached XP level 13. HP: 108/108 MP: 5/5
  9645 | D:12     | Found a staircase to the Orcish Mines.
 10284 | Orc:1    | Entered Level 1 of the Orcish Mines
 10284 | Orc:1    | Reached ****** piety under Hepliaklqana
 10294 | Orc:1    | Noticed Josephine
 10295 | Orc:1    | Noticed Fannar
 10300 | Orc:1    | Reached skill level 10 in Fighting
 10309 | Orc:1    | Reached skill level 5 in Stealth
 10311 | Orc:1    | Killed Josephine
 10311 | Orc:1    | Reached skill level 15 in Axes
 10317 | Orc:1    | Killed Fannar
 10554 | Orc:1    | Found Gyusiz's Magic Scroll Shoppe.
 10569 | Orc:1    | Bought a scroll of enchant armour for 120 gold pieces
 10569 | Orc:1    | Bought a scroll of enchant armour for 120 gold pieces
 10569 | Orc:1    | Bought a scroll of identify for 32 gold pieces
 10569 | Orc:1    | Bought a scroll of identify for 32 gold pieces
 10569 | Orc:1    | Bought a scroll of acquirement for 832 gold pieces
 10569 | Orc:1    | Bought a scroll of identify for 32 gold pieces
 10579 | Orc:1    | Got a smoking brass ring
 10665 | Orc:1    | Identified the ring of the Peasants {rC+ MP+9 Str-4 Dex+4 Stlth+} (You acquired it on level 1 of the Orcish Mines)
 10687 | Orc:2    | Entered Level 2 of the Orcish Mines
 10687 | Orc:2    | Found a roughly hewn altar of Beogh.
 11006 | Orc:2    | Gained mutation: You resist negative energy. (rN+) [Deep Dwarf growth]
 11006 | Orc:2    | Reached XP level 14. HP: 105/119 MP: 6/6
 11062 | Orc:2    | Reached skill level 16 in Axes
 11116 | Orc:2    | Noticed an orc warlord
 11145 | Orc:2    | HP: 4/119 [orc warlord/war axe of chopping (3)]
 11146 | Orc:2    | Slain by an orc warrior

Skill      XL: |  1  2  3  4  5  6  7  8  9 10 11 12 13 14 |
---------------+-------------------------------------------+-----
Fighting       | 3 4 5 6 7 8 9 10 | 10.4
Axes           | 4 5 7 8 10 12 13 14 15 16 | 16.0
Armour         | 4 5 6 8 9 10 11 | 11.0
Dodging        | 1 2 3 4 |  4.0
Shields        | 4 5 7 8 9 11 12 | 12.2
Stealth        | 1 3 4 5 |  5.1
Short Blades   | 1 2 |  2.0
Throwing       | 2 |  2.7
Evocations     | 1 |  1.5
Invocations    | |  0.6

Action                   |  1- 3 |  4- 6 |  7- 9 | 10-12 | 13-15 || total
-------------------------+-------+-------+-------+-------+-------++-------
Melee: War axe           |   143 |    92 |   295 |   602 |   462 ||  1594
       Short sword       |       |       |       |    40 |       ||    40
Throw: Tomahawk          |       |       |     7 |    32 |    13 ||    52
Invok: Ancestor Identity |       |     1 |       |       |       ||     1
       Ancestor Life: Ba |       |       |     1 |       |       ||     1
       Recall Ancestor   |       |       |       |       |     1 ||     1
       Idealise          |       |       |       |       |     1 ||     1
 Abil: Heal Wounds       |     2 |     3 |     6 |    24 |    12 ||    47
Evoke: Box of beasts     |       |       |       |     1 |       ||     1
       Wand              |       |       |       |    12 |     1 ||    13
  Use: Scroll            |     9 |     4 |     9 |    12 |     7 ||    41
       Potion            |     6 |     3 |     7 |     9 |     2 ||    27
 Stab: Invisible         |       |     2 |       |       |       ||     2
       Distracted        |       |     2 |     8 |     4 |     7 ||    21
  Eat: Fruit             |     3 |     1 |     3 |       |       ||     7
       Royal jelly       |       |     2 |     3 |     4 |       ||     9
       Meat ration       |       |       |       |     2 |     1 ||     3
Armor: Scale mail        |    40 |    30 |       |       |       ||    70
       Chain mail        |       |     9 |    97 |       |       ||   106
       Plate armour      |       |       |    36 |   348 |   233 ||   617
Dodge: Dodged            |    26 |    21 |    58 |   143 |   119 ||   367
Block: Shield            |    68 |    30 |   154 |   372 |   349 ||   973
